 Dungeon Crawl Stone Soup version 0.31.0-32-g396128a36d (webtiles) character file.

Game seed: 6015123987567995383

6591 Ghblqix the Mimic (level 11, -2/92 HPs)
             Began as an Octopode Shapeshifter on Mar 18, 2024.
             Was an Initiate of Gozag.
             Slain by a boulder beetle (15 damage)
             ... on level 9 of the Dungeon.
             The game lasted 00:16:00 (8860 turns).

Ghblqix the Mimic (Octopode Shapeshifter)           Turns: 8860, Time: 00:16:01

Health: -2/92      AC:  9    Str: 18    XL:     11   Next: 2%
Magic:  11/11      EV: 16    Int: 17    God:    Gozag
Gold:   1065       SH:  5    Dex: 12    Spells: 10/10 levels left

rFire   . .          .
                       - Unarmed
rCold   . . .        (shield currently unavailable)
rNeg    + . .        (helmet currently unavailable)
rPois   +            k - amulet of reflection
rElec   .            E - +5 ring of evasion
rCorr   +            R - ring of resist corrosion
SInv    .            P - ring of poison resistance
Will    .....        N - ring of positive energy
Stlth   +            Z - ring of wizardry
HPRegen 0.35/turn    (no ring)
MPRegen 0.12/turn    (no ring)
                     (no ring)

%: reflection, wizardry (x1)
@: snake-form
A: constrict, boosted hp, almost no armour, amphibious, 8 rings, large,
(camouflage 1), (gelatinous body 1), (nimble swimmer 1), (tentacles)
a: Begin Untransformation, Renounce Religion, Potion Petition, Call Merchant,
Bribe Branch


You were on level 9 of the Dungeon.
You worshipped Gozag.
Gozag was most pleased with you.
You were an enormous serpent.
You visited 2 branches of the dungeon, and saw 10 of its levels.
You also visited: Ossuary.

You collected 1141 gold pieces.
You paid 76 gold pieces to Gozag.


Innate Abilities, Weirdness & Mutations

You are an enormous serpent.
You have a powerful constriction melee attack.
Your maximum health is increased.
Your armour is entirely melded.
You are incapable of wielding weapons or throwing items.
You cannot wear most types of armour.
You are amphibious.
You can wear up to eight rings at the same time.
((Your skin changes colour to match your surroundings (Stealth+).))
((Your rubbery body absorbs attacks. (AC +1, EV +1)))
((You are camouflaged when in or above water. (Stealth+)))
((You have tentacles for arms and can constrict up to eight enemies at once.))


   Skills:
 - Level 8.0 Fighting
 - Level 4.0 Dodging
 - Level 8.0 Unarmed Combat
 + Level 11.3 Shapeshifting


You had 10 spell levels left.
You didn't know any spells.
Your spell library contained the following spells:

 Spells                   Type           Power      Damage    Failure   Level
 Apportation              Tloc           0%         N/A       10%         1
 Freeze                   Ice            0%         1d3       10%         1
 Necrotise                Necr           0%         1d4       10%         1
 Sting                    Conj/Alch      0%         1d3       10%         1
 Summon Small Mammal      Summ           0%         N/A       10%         1
 Cigotuvi's Dreadful Rot  Necr/Alch/Air  0%         N/A       14%         2
 Ensorcelled Hibernation  Hex/Ice        0%         N/A       14%         2
 Fugue of the Fallen      Necr           0%         N/A       26%         3
 Anguish                  Hex/Necr       0%         N/A       65%         4
 Dispel Undead            Necr           0%         3d6       65%         4
 Martyr's Knell           Necr/Summ      0%         N/A       65%         4
 Death Channel            Necr           0%         N/A       100%        6

Inventory:

Magical Staves
 w - the staff of the Wizarding Oracle {rPois Int+5 Dex-2 Alchemy, !a}
   (You found it on level 7 of the Dungeon)

   [staff of alchemy]

   Base accuracy: +5 Base damage: 5 Base attack delay: 1.2 This weapon's minimum
   attack delay (0.6) is reached at skill level 12.
   Int+5:     It affects your intelligence (+5).
   Dex-2:     It affects your dexterity (-2).
   rPois:     It protects you from poison Alchemy: It increases the power of
   your Alchemy spells.
   It falls into the 'Staves' category.
   It is a one-tentacled weapon.
Jewellery
 k - an amulet of reflection (around neck)
 s - an amulet of regeneration
 E - a +5 ring of evasion (left tentacle)
 N - a ring of positive energy (on tentacle)
 P - a ring of poison resistance (on tentacle)
 R - a ring of resist corrosion (right tentacle)
 Z - a ring of wizardry (on tentacle)
Talismans
 b - a beast talisman
 c - a flux talisman
 y - a serpent talisman (active)
Wands
 o - a wand of light (8)
Scrolls
 d - 2 scrolls of amnesia
 f - 2 scrolls of fog
 g - 4 scrolls of teleportation {@r2}
 i - a scroll of blinking
 j - 2 scrolls of enchant armour
 n - a scroll of revelation
 p - 2 scrolls of silence {!r}
 q - a scroll of enchant weapon
 r - a scroll of torment {unknown}
 u - 3 scrolls of immolation {unknown}
 A - a scroll of poison {unknown}
 C - a scroll of identify {@r1}
Potions
 a - 7 potions of lignification
 e - 2 potions of heal wounds {@q2}
 h - a potion of mutation
 l - 3 potions of attraction
 m - 6 potions of curing {@q1}
 t - a potion of degeneration
 v - a potion of magic
 x - 2 potions of haste {@q3}
 z - 2 potions of might {unknown}
 B - a potion of resistance {unknown}

Dungeon Overview and Level Annotations

Branches:
Dungeon (9/15)             Temple (1/1) D:6         Ossuary (visited)
   Lair: D:8-11         Orc: D:9-12

Altars:
Cheibriados
Dithmenos
Elyvilon
Fedhas
Gozag
Kikubaaqudgha
Makhleb
Nemelex Xobeh
Okawaru
Qazlal
Ru
Sif Muna
Trog
Uskayaw
Vehumet
Wu Jian
Xom
Yredelemnul
Zin
The Shining One

Shops:
D:5 [

Annotations:
D:3 1 exclusion
D:4 2 runed translucent doors, exclusion: bombardier beetle, AbbaRin's ghost, amateur DECj
D:9 Jeremiah

[.# #.................#
..######.................######
..............................#
.................######.#######
###..#####.......# #.# #..#
#..####.# #.# #..# #..#
#.######.# #..# #..#
#B.......####### #..# #..#
#S.............# #..# #..#
#.######.......# #..# #..# #.#
#.......# #..# #..# #.#
#.......# #.# #.......# #.#
#.......# #.# #..[....# ###
#########


You could see a boulder beetle.


Message History

You are too injured to fight recklessly!
You are too injured to fight recklessly!
Unknown command.
You hit the boulder beetle but do no damage.
The boulder beetle is lightly wounded.
You constrict the boulder beetle, but do no damage.
The boulder beetle bites you but does no damage.
You hit the boulder beetle but do no damage.
The boulder beetle is lightly wounded.
You constrict the boulder beetle, but do no damage.
The boulder beetle misses you.
You hit the boulder beetle but do no damage.
The boulder beetle is lightly wounded.
You constrict the boulder beetle. The boulder beetle bites you!
* * * LOW HITPOINT WARNING * * *
Unknown command.
You hit the boulder beetle.
The boulder beetle is lightly wounded.
You constrict the boulder beetle, but do no damage.
You hit the boulder beetle but do no damage.
The boulder beetle is lightly wounded.
You constrict the boulder beetle. The boulder beetle bites you!
* * * LOW HITPOINT WARNING * * *
Unknown command.
You lash the boulder beetle!
The boulder beetle is moderately wounded.
You constrict the boulder beetle, but do no damage.
The boulder beetle bites you!
You die...
Your body crumbles into a pile of gold.

Skill      XL: |  1  2  3  4  5  6  7  8  9 10 |
---------------+-------------------------------+-----
Fighting       | 2 3 4 6 7 8 |  8.0
Shapeshifting  | 4 6 7 8 11 | 11.3
Unarmed Combat | 6 8 |  8.0
Dodging        | 4 |  4.0

Action                     |  1- 3 |  4- 6 |  7- 9 | 10-12 || total
---------------------------+-------+-------+-------+-------++-------
  Melee: Unarmed           |    79 |    65 |   234 |   121 ||   499
         Constrict         |    20 |    16 |    91 |    30 ||   157
         Tentacles         |    13 |    12 |    95 |    16 ||   136
         Punch             |     1 |     2 |     3 |       ||     6
         Whip              |       |       |    78 |       ||    78
    Use: Potion            |       |     2 |     1 |     1 ||     4
         Scroll            |       |     7 |     6 |     4 ||    17
   Stab: Sleeping          |     6 |     2 |     3 |       ||    11
         Distracted        |       |       |     1 |       ||     1
 Armour: Skin              |    21 |    16 |    53 |    52 ||   142
  Dodge: Dodged            |    47 |    30 |   201 |    99 ||   377
  Block: Other             |     2 |     9 |    52 |    23 ||    86
   Form: Flux              |       |       |     1 |       ||     1
         Serpent           |       |       |       |     1 ||     1

Levels and vault maps discovered:
D:1:      roderic_crop_circles_arrival_small, layout_basic
D:2:      layout_basic
D:3:      layout_basic, demons_altar, kiku_gazebo_pond_becter,
          mainiacjoe_overflow_catwalk, nicolae_ecumenical_oubliette,
          uniq_sigmund, uniq_natasha
D:4:      layout_layer_cave, nicolae_overflow_hidden_temple,
          ebering_ghost_disaster_area, nrook_mini_backslash, uniq_pikel
D:5:      layout_basic, elyvilon_altar_4, mainiacjoe_overflow_alcove_1,
          mainiacjoe_overflow_alcove_2, serial_shops,
          nicolae_shop_real_fake_doors, kennysheep_donut
D:6:      layout_basic, mainiacjoe_overflow_concentric_impassable,
          mainiacjoe_overflow_alcove_4, temple_fountains
D:7:      layout_layer_cave, nzn_overflow_gifts_of_might_and_magic,
          nicolae_uskayaw_dance_hall, lightli_ossuary_entry_decrepit_ruins,
          uniq_prince_ribbit1
D:8:      layout_cave_pools, zin_treasury
D:9:      layout_small_grid, uniq_jeremiah, uniq_erica
Temple:   hellmonk_temple_beads

Notes
Turn   | Place    | Note
-------+----------+-------------------------------------------
     0 | D:1      | Ghblqix the Octopode Shapeshifter began the quest for the
                  | Orb.
     0 | D:1      | Reached XP level 1. HP: 13/13 MP: 1/1
   113 | D:1      | Reached skill level 2 in Fighting
   113 | D:1      | Reached XP level 2. HP: 19/19 MP: 2/2
   258 | D:1      | Reached XP level 3. HP: 24/25 MP: 3/3
   319 | D:1      | Reached skill level 3 in Fighting
   908 | D:2      | Reached XP level 4. HP: 33/33 MP: 4/4
  1138 | D:3      | Found a faded altar of an unknown god.
  1285 | D:3      | Noticed Natasha
  1288 | D:3      | Killed Natasha
  1289 | D:3      | Reached skill level 4 in Fighting
  1290 | D:3      | Found an ancient bone altar of Kikubaaqudgha.
  1393 | D:3      | Found a blossoming altar of Fedhas.
  1500 | D:3      | Noticed Natasha
  1509 | D:3      | Killed Natasha
  1510 | D:3      | Reached skill level 4 in Shapeshifting
  1510 | D:3      | Reached XP level 5. HP: 30/37 MP: 5/5
  1690 | D:3      | Noticed Sigmund
  1718 | D:3      | Killed Sigmund
  1719 | D:3      | Reached XP level 6. HP: 38/44 MP: 6/6
  1796 | D:3      | Found a burning altar of Makhleb.
  1836 | D:3      | Noticed Natasha
  1843 | D:3      | Killed Natasha
  1993 | D:4      | Noticed Pikel
  2101 | D:4      | Killed Pikel
  2102 | D:4      | Reached skill level 5 in Fighting
  2102 | D:4      | Reached skill level 6 in Shapeshifting
  2102 | D:4      | Reached skill level 6 in Fighting
  2102 | D:4      | Reached XP level 7. HP: 52/52 MP: 7/7
  2219 | D:4      | Reached XP level 8. HP: 58/58 MP: 8/8
  2364 | D:4      | Reached skill level 7 in Fighting
  2382 | D:4      | Found a large runed translucent door.
  2592 | D:4      | Reached skill level 7 in Shapeshifting
  2700 | D:4      | Found an iron altar of Okawaru.
  2768 | D:4      | Found a large runed translucent door.
  2773 | D:4      | Noticed AbbaRin's ghost (amateur DECj)
  3166 | D:5      | Entered Level 5 of the Dungeon
  3225 | D:5      | Reached skill level 4 in Unarmed Combat
  3287 | D:5      | Found a radiant altar of Vehumet.
  3436 | D:5      | Reached skill level 5 in Unarmed Combat
  3526 | D:5      | Found Bisoor's Armour Boutique.
  3586 | D:5      | Found a white marble altar of Elyvilon.
  3612 | D:5      | Found a sparkling altar of Nemelex Xobeh.
  3892 | D:6      | Found a staircase to the Ecumenical Temple.
  3909 | Temple   | Entered the Ecumenical Temple
  3946 | Temple   | Became a worshipper of Gozag Ym Sagoz the Greedy
  4009 | D:6      | Reached skill level 6 in Unarmed Combat
  4009 | D:6      | Reached XP level 9. HP: 64/64 MP: 9/9
  4189 | D:6      | Reached skill level 7 in Unarmed Combat
  4452 | D:6      | Found a shimmering altar of Xom.
  4462 | D:6      | Reached skill level 3 in Dodging
  4950 | D:6      | Found a sacrificial altar of Ru.
  5097 | D:7      | Reached skill level 4 in Dodging
  5193 | D:7      | Noticed Dowan
  5229 | D:7      | Killed Dowan
  5410 | D:7      | Found a sand-covered staircase.
  5419 | Ossuary  | Entered an ossuary
  5658 | Ossuary  | Reached skill level 8 in Fighting
  5836 | D:7      | Noticed Duvessa
  5837 | D:7      | Found a bloodstained altar of Trog.
  5845 | D:7      | Killed Duvessa
  5883 | D:7      | Found a shimmering blue altar of Sif Muna.
  5887 | D:7      | Got Sif Muna's Compilation of the White Ouroboros
  6036 | D:7      | Identified the staff of the Wizarding Oracle {rPois Int+5
                  | Dex-2 Alchemy}
  6131 | D:7      | Reached skill level 8 in Unarmed Combat
  6318 | D:7      | Noticed Prince Ribbit
  6345 | D:7      | Killed Prince Ribbit
  6346 | D:7      | Reached skill level 8 in Shapeshifting
  6346 | D:7      | Reached XP level 10. HP: 32/72 MP: 10/10
  6511 | D:7      | Found a hide-covered altar of Uskayaw.
  7701 | D:8      | Found a glowing silver altar of Zin.
  7851 | D:9      | Noticed a two-headed ogre
  7879 | D:9      | Noticed Erica
  8146 | D:9      | Killed a two-headed ogre
  8147 | D:9      | Reached skill level 9 in Shapeshifting
  8280 | D:9      | Noticed Jeremiah
  8302 | D:9      | Reached skill level 10 in Shapeshifting
  8736 | D:9      | Killed Erica
  8737 | D:9      | Reached skill level 11 in Shapeshifting
  8737 | D:9      | Reached XP level 11. HP: 77/77 MP: 11/11
  8833 | D:9      | Noticed a boulder beetle
  8860 | D:9      | Slain by a boulder beetle

Vanquished Creatures
  Erica (D:9)
  A two-headed ogre (D:9)
  Pikel (D:4)
  A tengu conjurer (D:9)
  Prince Ribbit (D:7)
  5 yaks (D:9)
  Sigmund (D:3)
  A steam dragon (D:8)
  An acid dragon (D:9)
  2 orc warriors
  Duvessa (D:7)
  A sky beast (D:7)
  3 black bears
  2 ogres
  A phantom (D:4)
  An elf zombie (Ossuary)
  5 bullfrogs
  2 scorpions
  11 wights
  Dowan (D:7)
  6 killer bees
  A howler monkey (D:6)
  3 centaur zombies (Ossuary)
  A jelly (D:6)
  3 human zombies (Ossuary)
  7 hounds
  6 orc priests
  An iguana (D:6)
  2 sleepcaps
  Natasha (thrice) (D:3)
  3 orc wizards
  3 hound zombies (Ossuary)
  2 mummies (Ossuary)
  4 adders
  A shadow imp (D:6)
  2 white imps
  6 adder zombies (Ossuary)
  A dart slug (D:1)
  30 orcs
  5 ball pythons
  3 bats
  10 endoplasms
  5 giant cockroaches
  7 gnoll zombies (Ossuary)
  13 goblins
  8 hobgoblins
  8 jackals
  4 kobolds
  3 quokkas
  5 frilled lizards
  4 jackal zombies (Ossuary)
  3 kobold zombies (Ossuary)
  7 orc zombies (Ossuary)
  5 rats
218 creatures vanquished.

Vanquished Creatures (others)
  An orc (D:8)
1 creature vanquished.

Grand Total: 219 creatures vanquished

Table legend: (Time is in decaauts)
 A = Elapsed time spent in this place.
 B = Non-inter-level travel time spent in this place.
 C = Inter-level travel time spent in this place.
 D = Time resting spent in this place.
 E = Time spent auto-exploring this place.
 F = Levels seen in this place.
 G = Mean time per level.
                   A        B        C        D        E       F      G
               +--------+--------+--------+--------+--------+-----+--------+
         Total |   8858 |   8482 |    376 |   1348 |   5621 |  11 |  805.3 |
       Dungeon |   8428 |   8126 |    302 |   1348 |   5426 |   9 |  936.4 |
        Temple |     74 |      1 |     73 |      0 |      0 |   1 |   74.0 |
       Ossuary |    355 |    355 |      0 |      0 |    195 |   1 |  355.0 |
               +--------+--------+--------+--------+--------+-----+--------+

Top non-repeatable levels by time:
     D:7: 1487 daAuts
     D:4: 1150 daAuts
     D:8: 1029 daAuts
     D:6: 947 daAuts
     D:3: 939 daAuts
     D:5: 909 daAuts
     D:9: 887 daAuts
     D:1: 546 daAuts
     D:2: 531 daAuts
 Ossuary: 355 daAuts
  Temple: 74 daAuts

Table legend:
 A = Non-vault XP
 B = Vault XP
 C = Vault XP percentage of total XP
 D = Non-vault monster count
 E = Vault monster count
 F = Vault count percentage of total count
                 A         B        C        D         E       F
            +---------+---------+-------+---------+---------+-------
      Total |    6691 |    2726 |  28.9 |     172 |      46 |  21.1
            +---------+---------+-------+---------+---------+-------
        D:1 |      46 |       0 |   0.0 |      25 |       0 |   0.0
        D:2 |      38 |       0 |   0.0 |      21 |       0 |   0.0
        D:3 |     119 |     241 |  66.9 |      22 |       2 |   8.3
        D:4 |     605 |     641 |  51.4 |      11 |       1 |   8.3
        D:5 |     455 |       0 |   0.0 |      11 |       0 |   0.0
        D:6 |     935 |       0 |   0.0 |      26 |       0 |   0.0
        D:7 |     852 |     487 |  36.4 |      24 |       3 |  11.1
        D:8 |     723 |       0 |   0.0 |      14 |       0 |   0.0
        D:9 |    2918 |     823 |  22.0 |      18 |       1 |   5.3
    Ossuary |       0 |     534 | 100.0 |       0 |      39 | 100.0
            +---------+---------+-------+---------+---------+-------
